healhack, neutral male human Healer ------------ #+..........+ ##@|..........| # #G..<...`...| ### #-.---------- # #### # ### # ### # # ----.-.-- |.......| |.......| #-.......+ |.......| |.......+ --------- healhack the Empiric Experience level: 3 Strength: 7 Dexterity: 8 Constitution: 18 Intelligence: 9 Wisdom: 16 Charisma: 16 Health: 0(30) Energy: 8(21) Def: 0 Gold: 1977 Moves: 1960 Dungeon seed: eMop7BFEOag7HlRH Game ID: healhack_1464896760 Your Inventory: Coins $ - 1977 gold pieces Weapons t - an uncursed +0 crossbow u - 11 uncursed +0 crossbow bolts v - a cursed -2 bow y - 7 blessed +0 crossbow bolts Comestibles j - 3 uncursed apples Scrolls l - a blessed scroll of magic mapping w - an uncursed scroll of identify B - an uncursed scroll of magic mapping Spellbooks g - a blessed spellbook of healing h - a blessed spellbook of extra healing i - a blessed spellbook of stone to flesh s - an uncursed spellbook of detect monsters x - an uncursed spellbook of remove curse Potions c - 4 uncursed potions of healing d - 4 uncursed potions of extra healing k - 2 uncursed potions of confusion p - a cursed potion of oil z - a cursed potion of gain ability A - an uncursed potion of levitation Rings m - an uncursed ring of protection from shape changers Wands f - an uncursed wand of sleep (0:3) Tools b - an uncursed stethoscope Gems n - 2 uncursed worthless pieces of yellowish brown glass Spells and supernatural/magical abilities: Name Level Category Fail Memory h - healing 1 healing 0% 91% x - extra healing 3 healing 0% 91% S - stone to flesh 3 healing 4% 91% W - pray for help -- divine ? -- Your skills at the end: Fighting Skills Weapon Skills knife [Basic] Spellcasting Skills healing spells [Basic] Final Attributes: You were piously aligned. You were poison resistant. You were a werejackal. You are dead. Vanquished creatures: a shrieker a hobbit a large kobold 5 giant rats a gnome 2 gnome zombies 4 geckos 4 jackals a fox 2 sewer rats 8 grid bugs a bat 2 lichens a kobold zombie 4 newts 38 creatures vanquished. Voluntary challenges: You used a wielded weapon 64 times, starting on turn 5. You were illiterate. You never genocided any monsters. You never polymorphed an object. You changed form 1 time, starting on turn 1775. You used no wishes. You never split a pudding. You never wrote Elbereth's name. You never violated your personal moral code. Dungeon overview: The Dungeons of Doom: levels 1 to 7 Level 1 a long staircase Level 2 some fountains Level 3 a jewelry store stairs to The Gnomish Mines Level 4 a fountain Level 5 some fountains, a sink Level 6 Level 7 <- You were here The Gnomish Mines: Level 4 stairs to The Dungeons of Doom History has recorded: On T:1 you entered the Dungeons of Doom to retrieve the Amulet of Yendor! On T:32 you reached level 2 of The Dungeons of Doom. On T:488 you reached level 3 of The Dungeons of Doom. On T:544 you advanced to experience level 2. On T:757 you reached level 4 of The Dungeons of Doom. On T:931 you reached level 1 of The Gnomish Mines. On T:954 you advanced to experience level 3. On T:1400 you reached level 5 of The Dungeons of Doom. On T:1737 you reached level 6 of The Dungeons of Doom. On T:1764 you reached level 7 of The Dungeons of Doom. Score breakdown: Gold: 453 ( 9038 points) Experience: 3 levels ( 7878 points) Exploration: 7 levels ( 14.29%) (10606 points) Discoveries: 0 items ( 0.00%) ( 0 points) Valuables value: (no points given unless you survive) Artifact value: 0 ( 0 points) Variety of kills: 15 monsters ( 3.94%) ( 5952 points) Turncount: 1960 turns ( 0 points) Survival: died (score multiplied by 80%) Total score: 26779 Latest messages: The jackal bites the kitten. The werejackal bites! You miss the werejackal. The jackal just misses! The jackal bites! (2x) The jackal misses the werejackal. The jackal bites the kitten. The werejackal bites! You hear the chime of a cash register. You see here a statue of a gecko. You are beginning to feel weak. You stop exploring. You feel too weak from hunger to explore. The gnome lord hits! You hit the gnome lord. The gnome lord hits! You hit the gnome lord. You miss the gnome lord. The gnome lord hits! You hit the gnome lord. The gnome lord hits! You die... Final status: Goodbye healhack the Healer, killed by a gnome lord... You died in The Dungeons of Doom on dungeon level 7 with 26779 points, and 1977 pieces of gold, after 1960 moves. You were level 3 with a maximum of 30 hit points when you died.